AoeStats
← Multani

Arena

510420443Analyzed
2v2 RM · 2d ago on Sep 30, 2026· 29m 19s· 4 players
Game mode
Random Map
Map size
Medium (4 player)
Population
200
Speed
Normal
Resources
Standard
Victory
Conquest
Starting age
Dark Age
Ending age
Imperial Age
RankedLock teamsTeams togetherTeam positionsShared explorationLock speedFull tech treeHidden civsTurbo modeCheats
Victory
Defeat
🇦🇹 Saxons · Austria
1237
+13
🇨🇱 Bulgarians · Chile
1181
+17
🇬🇧 Slavs · United Kingdom
1180
-15
🇩🇪 Turks · Germany
1179
-15
GoOverlay.com | AwE
11:52 Feudal Age
13:03 Loom
16:33 Castle Age
15:19 Double-Bit Axe
15:15 Horse Collar
18:30 Fletching
23:42 Wheelbarrow
23:48 Wheelbarrow
Chianti | AwE
10:44 Feudal Age
12:27 Wheelbarrow
14:41 Castle Age
13:00 Double-Bit Axe
13:18 Horse Collar
16:04 Bow Saw
16:40 Heavy Plow
17:28 Stone Mining
21:11 Loom
24:32 Hand Cart
29:31 Imperial Age
27:35 Detinets
27:55 Forging
27:46 Scale Mail Armor
27:51 Man-at-Arms
28:31 Squires
29:44 Iron Casting
28:33 Long Swordsman
28:42 Pikeman
Papá Kiskiviry
10:25 Feudal Age
9:58 Loom
14:15 Castle Age
13:50 Fletching
15:21 Bodkin Arrow
28:41 Double-Bit Axe
Multani
10:49 Feudal Age
12:12 Double-Bit Axe
14:35 Castle Age
12:42 Horse Collar
15:32 Wheelbarrow
15:48 Bow Saw
19:48 Heavy Plow
21:37 Hand Cart
23:53 Gold Mining
27:17 Imperial Age
24:34 Loom
24:54 Stone Mining
25:09 Scale Mail Armor
25:19 Forging
25:36 Pikeman
26:17 Squires
26:43 Chain Mail Armor
27:21 Halberdier
29:25 Plate Mail Armor
Connection lost

Rejoining the realm…

Still unreachable

The connection could not be restored.

Session expired

The server has moved on; the page needs a fresh start.